[Event "Live Chess"]
[Site "Chess.com"]
[Date "2023.05.21"]
[Round "-"]
[White "slava_ukr"]
[Black "AyannaTang"]
[Result "1-0"]
[WhiteElo "2342"]
[BlackElo "230"]
[TimeControl "300"]
[EndTime "8:26:40 PDT"]
[Termination "slava_ukr won by checkmate"]

1. e4 e5 2. Nf3 d5 3. exd5 e4 4. Qe2 Qxd5 5. Nc3 Qf5 6. Qxe4+ Qxe4+ 7. Nxe4 Nf6 8. Nxf6+ gxf6 9. g3 Bf5 10. d3 Bc5 11. Bg2 Nc6 12. O-O O-O-O 13. Be3 Bxe3 14.
fxe3 Rhe8 15. e4 Bg4 16. h3 Bxf3 17. Rxf3 Nd4 18. Rf2 f5 19. exf5 Rd6 20. c3 Nb5 21.
a4 Nd4 22. cxd4 Rxd4 23. Be4 Rg8 24. Kg2 Rd6 25. Kf3 Rgd8 26. Kf4 Rg8 27. Rc1 f6 28. Rc5 Rd7 29. Bd5 Rgg7 30. Be6 b6 31. Rd5 c6 32. Rxd7 Rxd7 33. Re2 Kd8 34. Bxd7 Kxd7 35. Re6 h5 36.
Rxf6 h4 37. g4 c5 38. g5 Ke8 39. g6 Ke7 40. Ke5 Kd7 41. g7 Ke7 42. g8=Q Kd7 43.
Qg7+ Ke8 44. Rf8# 1-0

[Event "Live Chess"]
[Site "Chess.com"]
[Date "2023.05.21"]
[Round "-"]
[White "Conradical12"]
[Black "WilliamofOrange16th"]
[Result "0-1"]
[WhiteElo "1517"]
[BlackElo "1851"]
[TimeControl "300"]
[EndTime "8:26:40 PDT"]
[Termination "WilliamofOrange16th won by checkmate"]

1. e4 d6 2. Nf3 Nf6 3. Nc3 e5 4. Bc4 Be7 5. d3 O-O 6. Be3 c6 7. Qd2 Nbd7 8. O-O-O a5 9. d4 b5 10. Be2 b4 11. Na4 Nxe4 12. Qd3 d5 13. dxe5 Ba6 14. c4 Bxc4 15. Qc2 Bxe2 16. Qxe2 Qc7 17. h4 Nxe5 18. Nxe5 Qxe5 19. Bd4 Qf4+ 20. Be3 Qe5 21. h5 Bf6 22. h6 g6 23. Qf1 c5 24. f4 Qe8 25.
b3 c4 26. f5 cxb3 27. axb3 Rc8+ 28. Kb1 Nc3+ 29. Nxc3 Rxc3 30. fxg6 Qe4+ 31. Ka1 Rc1+ 32. Ka2 Qc2# 0-1

[Event "Live Chess"]
[Site "Chess.com"]
[Date "2023.05.21"]
[Round "-"]
[White "Crowded_House"]
[Black "DoYouLikeCurry"]
[Result "1-0"]
[WhiteElo "1617"]
[BlackElo "1450"]
[TimeControl "300"]
[EndTime "8:26:44 PDT"]
[Termination "Crowded_House won by resignation"]

1. d4 d5 2. Bg5 f6 3. Bh4 e6 4. e3 c5 5. c3 Nc6 6. Nf3 Qb6 7. Qb3 cxd4 8. Nxd4 Qxb3 9. Nxb3 Bd7 10. Bd3 Rc8 11.
N1d2 Bd6 12. Bg3 Bxg3 13. hxg3 Nge7 14. O-O-O Ne5 15. Be2 Ba4 16. Nf3 Nc4 17. Nfd2 Nxd2 18. Rxd2 Bxb3 19. axb3 b5 20. b4 a6 21. Bd3 O-O 22.
Kc2 Nf5 23. Ra1 Ra8 24. Ra5 Rfc8 25. Kb3 Nh6 26. Be2 Nf5 27. Rd1 Kf7 28. Rda1 Rc6 29.
Bxb5 Rb6 30. Bxa6 Nd6 31. Bd3 Rxa5 32. Rxa5 Rc6 33. Ra6 Rxa6 34. Bxa6 Ke7 35. Bd3 Kd7 36. Ka4 g6 37. Ka5 Kc7 38. b5 Kb7 39. b4 f5 40. f3 Nc8 41. c4 dxc4 42. Bxc4 e5 43. Bd5+ Ka7 44. e4 f4 45. gxf4 exf4 46. e5 Kb8 47. e6 Kc7 48. Ka6 Ne7 49. b6+ Kb8 50. Be4 h6 51. Kb5 g5 52. Kc5 Kc8 53. Kd6 Kd8 54. b7 Nc8+ 55. bxc8=Q+ Kxc8 56. e7 1-0

[Event "Live Chess"]
[Site "Chess.com"]
[Date "2023.05.21"]
[Round "-"]
[White "AttackingSnowLeopard"]
[Black "garyjc"]
[Result "1-0"]
[WhiteElo "2165"]
[BlackElo "1080"]
[TimeControl "300"]
[EndTime "8:26:44 PDT"]
[Termination "AttackingSnowLeopard won by resignation"]

1. d4 Nf6 2. c4 g6 3. Nc3 Bg7 4. e4 d6 5. Be2 O-O 6. Be3 Na6 7.
Nf3 Re8 8. O-O e5 9. dxe5 dxe5 10. Qxd8 Rxd8 11. Rfd1 Re8 12. c5 Nb4 13. Rac1 b6 14. a3 Nc6 15. Bb5 Re6 16. Nd5 Nxd5 17. exd5 Rf6 18.
Bxc6 Rb8 19. d6 Bb7 20. Bxb7 Rxb7 21. d7 1-0

[Event "Live Chess"]
[Site "Chess.com"]
[Date "2023.05.21"]
[Round "-"]
[White "McSlash1"]
[Black "Dhaydon19"]
[Result "0-1"]
[WhiteElo "1973"]
[BlackElo "2689"]
[TimeControl "300"]
[EndTime "8:26:46 PDT"]
[Termination "Dhaydon19 won by resignation"]

1. e4 c6 2. d4 d5 3. Nc3 dxe4 4. Nxe4 Nf6 5. Nxf6+ exf6 6. Nf3 Bd6 7. Bd3 O-O 8. O-O Bg4 9. Re1 Bc7 10. h3 Bh5 11. c3 Qd6 12. g3 Qd7 13. Kh2 Na6 14. Be2 Rae8 15. Nh4 Bxe2 16. Rxe2 Qd5 17. Be3 Qh5 18. Rd2 Qxh4 19. f4 Qxg3+ 0-1

[Event "Live Chess"]
[Site "Chess.com"]
[Date "2023.05.21"]
[Round "-"]
[White "Hussamalhaidar"]
[Black "siddu198"]
[Result "0-1"]
[WhiteElo "1168"]
[BlackElo "1617"]
[TimeControl "300"]
[EndTime "8:26:49 PDT"]
[Termination "siddu198 won by resignation"]

1. b3 g6 2. Bb2 f6 3. g4 e5 4. g5 d6 5. f4 exf4 6. Bxf6 Nxf6 7. gxf6 Qxf6 8. Nc3 Bg7 9. Nf3 Bg4 10. e3 fxe3 11. Bg2 exd2+ 12. Qxd2 Bxf3 13. Qe3+ Qe5 14. Qxe5+ Bxe5 15. Bxf3 Bxc3+ 16. Kf2 Bxa1 0-1

[Event "Live Chess"]
[Site "Chess.com"]
[Date "2023.05.21"]
[Round "-"]
[White "LiamBellwood"]
[Black "ossie57"]
[Result "1-0"]
[WhiteElo "1929"]
[BlackElo "1840"]
[TimeControl "300"]
[EndTime "8:27:03 PDT"]
[Termination "LiamBellwood won by resignation"]

1. d4 d5 2. Nc3 Nf6 3. Bf4 e6 4. Nb5 Na6 5. a3 c6 6. Nc3 Bd6 7. e3 Bxf4 8. exf4 Qd6 9. Qd2 c5 10. Bxa6 bxa6 11. dxc5 Qxc5 12. Nf3 a5 13. O-O Ba6 14.
Rfe1 O-O 15. Qd4 Rac8 16. Rad1 Qb6 17. Qxb6 axb6 18. a4 Rc4 19. g3 Rfc8 20. Ne5 R4c7 21. Rd2 Nd7 22. Nxd7 Rxd7 23. f5 exf5 24. Nxd5 Rcd8 25.
Ne7+ Kf8 26. Rxd7 Rxd7 27. Nc6 Bb7 28. Ne5 Re7 29. Kf1 f6 30. Nd3 Be4 31. Re3 Rc7 32. c3 Rc4 33. Ke2 Rxa4 34. f3 Bxd3+ 35. Kxd3 Ra1 36.
Re6 b5 37. Rb6 b4 38. cxb4 axb4 39. Rxb4 Rh1 40. Rb7 Rxh2 41. b4 Rh3 42. Ke3 Rxg3 43. Kf4 Rg1 44. Kxf5 Rf1 45. Kf4 Rc1 46. b5 Rc5 47.
Kg3 g5 48. b6 h5 49. Rc7 h4+ 50. Kh3 Rb5 51. b7 1-0

[Event "Live Chess"]
[Site "Chess.com"]
[Date "2023.05.21"]
[Round "-"]
[White "LordBenin"]
[Black "Tema1107"]
[Result "0-1"]
[WhiteElo "1401"]
[BlackElo "1944"]
[TimeControl "300"]
[EndTime "8:27:10 PDT"]
[Termination "Tema1107 won by resignation"]

1. e4 c5 2. Nc3 Nc6 3. Bc4 e6 4.
d3 Nf6 5. Bg5 Be7 6. Nf3 h6 7. Bh4 a6 8. a4 O-O 9. O-O Ne8 10.
Bxe7 Qxe7 11. h3 Nc7 12. Nh2 Rd8 13. f4 d5 14. exd5 exd5 15. Bb3 Bf5 16. Qf3 Nd4 17.
Qh5 Bg6 18. Qd1 Nxb3 19. cxb3 Qe3+ 20. Kh1 Qxd3 21. f5 Bxf5 22. Qe1 Bg6 23. Rd1 Qc2 24.
Rd2 Qxb3 25. Ng4 Re8 26. Qf2 d4 27. Nb1 Nd5 28. a5 Ne3 29. Re1 Nxg4 30. hxg4 Rxe1+ 31. Qxe1 Qe3 32. Re2 Qg5 33. Nd2 Qxg4 34. Nc4 d3 35.
Rd2 Qxc4 0-1

[Event "Live Chess"]
[Site "Chess.com"]
[Date "2023.05.21"]
[Round "-"]
[White "CheckThis4"]
[Black "Singapourfeuj"]
[Result "0-1"]
[WhiteElo "2517"]
[BlackElo "2196"]
[TimeControl "300"]
[EndTime "8:27:25 PDT"]
[Termination "Singapourfeuj won by resignation"]

1. d4 Nf6 2. Nc3 d5 3. e4 e6 4. Bg5 Be7 5. e5 Nfd7 6. Bxe7 Qxe7 7. f4 a6 8. Nf3 c5 9. Bd3 Nc6 10. O-O b5 11. dxc5 Qxc5+ 12. Kh1 Bb7 13. a4 b4 14. Ne2 f5 15. exf6 Nxf6 16. Ng5 Kd7 17. Ng3 h5 18. Nf7 h4 19. Ne2 Rh5 20. c4 Kc7 21. cxd5 Qxd5 22. Rc1 h3 23. Rf2 Ng4 24. Rf3 hxg2+ 25. Kxg2 Rxh2+ 26. Kg3 Rh3+ 27. Kxh3 Qxf3+ 28. Kh4 Nf2 29. Qg1 Qh3+ 30. Kg5 Nxd3 31. Nd4 Rf8 32. Nxc6 Qf5+ 33. Kh4 Qxf4+ 34. Kh3 Nxc1 35. Nce5 Qf5+ 36. Kh4 Qe4+ 37. Kg5 Qg2+ 0-1

[Event "Live Chess"]
[Site "Chess.com"]
[Date "2023.05.21"]
[Round "-"]
[White "lateforthesky"]
[Black "wadsy27"]
[Result "1-0"]
[WhiteElo "2093"]
[BlackElo "2532"]
[TimeControl "300"]
[EndTime "8:27:28 PDT"]
[Termination "lateforthesky won by resignation"]

1. e4 e6 2. d4 d5 3. e5 c5 4. c3 Nc6 5. Nf3 Qb6 6. Bd3 cxd4 7. O-O Bd7 8. Re1 Nge7 9. h4 h6 10. h5 Rc8 11. Na3 a6 12. Nc2 dxc3 13. bxc3 Na5 14.
Ncd4 Nec6 15. Rb1 Qc7 16. Nb3 Be7 17. Be3 b5 18. Nc5 Bxc5 19. Bxc5 Nxe5 20. Bb4 Nxd3 21. Qxd3 Nc6 22. Ba3 Qa5 23. Bd6 Qxa2 24. Ra1 Qc4 25. Qxc4 bxc4 26. Rxa6 g6 27. hxg6 fxg6 28. Rb1 Rh7 29. Rb7 Nd8 30. Rba7 Rc6 31. Ne5 Rxa6 32. Rxa6 Bc8 33. Ra8 Bb7 34. Ra7 g5 35. Kf1 h5 36.
Ke2 h4 37. Ke3 g4 38. Nxg4 Rg7 39. f3 Kd7 40. Be5 Kc8 41. Bxg7 Nc6 1-0

[Event "Live Chess"]
[Site "Chess.com"]
[Date "2023.05.21"]
[Round "-"]
[White "martinsmartin63"]
[Black "BJAW87"]
[Result "0-1"]
[WhiteElo "767"]
[BlackElo "1442"]
[TimeControl "300"]
[EndTime "8:27:41 PDT"]
[Termination "BJAW87 won by resignation"]

1. d4 Nf6 2. Nf3 g6 3. Nc3 Bg7 4. e4 O-O 5. e5 Ne8 6. Bd2 f6 7.
Qc1 fxe5 8. dxe5 d6 9. Bh6 Bg4 10. Bxg7 Nxg7 11. exd6 exd6 12. Be2 Qe7 13. Kf1 Nc6 14. Qg5 Qxg5 15. Nxg5 Bxe2+ 16. Nxe2 Rf5 17. Nf3 Ne5 18. Nxe5 Rxe5 19. Re1 Rae8 20. Kg1 Rxe2 21. Rxe2 Rxe2 22. Kf1 Rxc2 23. Ke1 Rc1+ 0-1

[Event "Live Chess"]
[Site "Chess.com"]
[Date "2023.05.21"]
[Round "-"]
[White "chessfiction"]
[Black "Ed_Knox"]
[Result "1-0"]
[WhiteElo "2297"]
[BlackElo "1475"]
[TimeControl "300"]
[EndTime "8:27:42 PDT"]
[Termination "chessfiction won by checkmate"]

1. e4 d5 2. d4 dxe4 3. f3 exf3 4. Nxf3 Nc6 5. Bc4 Nf6 6. O-O Bg4 7. Kh1 Bxf3 8.
Qxf3 Qxd4 9. Na3 e6 10. Nb5 Bd6 11. Nxd4 Nxd4 12. Qxb7 O-O 13. Rxf6 gxf6 14. Bh6 Rfb8 15. Qe4 Kh8 16. Qxd4 Rg8 17. Qxf6+ Rg7 18. Qxg7# 1-0

[Event "Live Chess"]
[Site "Chess.com"]
[Date "2023.05.21"]
[Round "-"]
[White "peter-785"]
[Black "viktorskliarov"]
[Result "0-1"]
[WhiteElo "1181"]
[BlackElo "2634"]
[TimeControl "300"]
[EndTime "8:27:46 PDT"]
[Termination "viktorskliarov won by resignation"]

1. e4 c5 2. Nf3 Nc6 3. Bc4 g6 4. d4 cxd4 5. Nxd4 Bg7 6. Nxc6 bxc6 7. c3 Qc7 8. Be3 Nf6 9. Nd2 O-O 10. h3 d5 11. exd5 cxd5 12. Bb3 Ba6 13. Qf3 Rfd8 14.
O-O-O d4 15. Bf4 e5 16. Bh2 dxc3 17. Qxc3 Qxc3+ 18. bxc3 Nd5 19. Bxd5 Rxd5 20. Ne4 Rxd1+ 21.
Rxd1 f5 22. Ng5 Bc4 23. Rd2 Rc8 24. Rd6 Bxa2 25. Ne6 Bxe6 26. Rxe6 Rxc3+ 27. Kb2 Rc5 28. Bg1 e4+ 29. Kb3 Re5 30. Ra6 Re7 31. Bh2 Bd4 32. Bf4 Bxf2 33. Bg5 Re8 34. Ra2 e3 35. Re2 Kf7 36. Kc3 Re4 37. Kd3 a5 38. Bxe3 Rxe3+ 39. Rxe3 Bxe3 40. Kxe3 Ke6 41. Kd3 Ke5 42. Kc3 Kf4 43.
Kb3 Kg3 44. Ka4 Kxg2 45. Kxa5 Kxh3 46. Kb4 f4 47. Kc3 f3 48. Kd2 f2 49. Ke2 Kg2 0-1

[Event "Live Chess"]
[Site "Chess.com"]
[Date "2023.05.21"]
[Round "-"]
[White "Alfiedog12"]
[Black "BillythekidFellowes"]
[Result "0-1"]
[WhiteElo "870"]
[BlackElo "2124"]
[TimeControl "300"]
[EndTime "8:27:49 PDT"]
[Termination "BillythekidFellowes won by resignation"]

1. d4 e6 2. Nf3 c5 3. c3 cxd4 4. Nxd4 Nc6 5. Nxc6 bxc6 6. Bf4 Qb6 7. Qc2 Bc5 8. e3 Nf6 9. Nd2 d5 10. Qb3 Bd7 11. Qxb6 axb6 12. a4 b5 13. a5 b4 14.
Nb3 Be7 15. a6 O-O 16. Bd3 c5 17. Bc2 c4 18. Nd4 b3 19. Bb1 Bc8 20. a7 Nd7 21.
Nc6 Bc5 22. Bc7 Bb7 23. Ra4 Bxc6 24. Ra5 Rxa7 25. Rxa7 Bxa7 26. Bd6 Ra8 27. Kd2 Bc5 28. Bxc5 Nxc5 0-1

[Event "Live Chess"]
[Site "Chess.com"]
[Date "2023.05.21"]
[Round "-"]
[White "robotking06"]
[Black "LiamClery2020"]
[Result "0-1"]
[WhiteElo "327"]
[BlackElo "2000"]
[TimeControl "300"]
[EndTime "8:27:58 PDT"]
[Termination "LiamClery2020 won by resignation"]

1. e4 Nf6 2. e5 Nd5 3. Bc4 Nb6 4. Bb5 Nc6 5. Nf3 g6 6. Qe2 Bg7 7. Qe4 O-O 8. O-O d5 9. d3 dxe4 10. Bh6 Bxh6 11. Ng5 0-1

[Event "Live Chess"]
[Site "Chess.com"]
[Date "2023.05.21"]
[Round "-"]
[White "NotHarryV"]
[Black "JoshMcK"]
[Result "0-1"]
[WhiteElo "1501"]
[BlackElo "1580"]
[TimeControl "300"]
[EndTime "8:28:00 PDT"]
[Termination "JoshMcK won by resignation"]

1. d4 d5 2. c4 e6 3. Nf3 Nf6 4. g3 Nbd7 5. Bg2 dxc4 6. Qc2 c5 7. Qxc4 cxd4 8. Nxd4 Be7 9. O-O O-O 10. Nc3 Ne5 11. Qa4 Bd7 12. Qd1 Rb8 13. Bf4 Bd6 14. Bxe5 Bxe5 15.
Nf3 Bxc3 16. bxc3 Bc6 17. Qb3 Bd5 18. c4 Bc6 19. Rad1 Qc7 20. Qc2 Be4 21. Qc3 b6 22. h4 Bg6 23. Ne5 Bh5 24. Rd4 Qxe5 0-1

[Event "Live Chess"]
[Site "Chess.com"]
[Date "2023.05.21"]
[Round "-"]
[White "Biranidun"]
[Black "friarnator"]
[Result "1-0"]
[WhiteElo "2520"]
[BlackElo "2026"]
[TimeControl "300"]
[EndTime "8:28:01 PDT"]
[Termination "Biranidun won by resignation"]

1. e4 c5 2. Nf3 d6 3. d4 cxd4 4. Nxd4 Nf6 5. Nc3 a6 6. Be3 e6 7.
f3 h5 8. Qd2 Be7 9. a4 Nbd7 10.
Be2 Nc5 11. b4 Ncd7 12. O-O Qc7 13. a5 O-O 14. Na4 d5 15. exd5 Nxd5 16. Rab1 Nxe3 17. Qxe3 Nf6 18. c4 Bd7 19. Nb6 Rad8 20. Rfd1 Bc6 21. b5 axb5 22. cxb5 Bd5 23. Rbc1 Qd6 24. Bc4 Bxc4 25.
Nxc4 Qb4 26. Qc3 Qxc3 27. Rxc3 Bc5 28. Rcd3 e5 29. Nxe5 Rd5 30. f4 Rfd8 31. Nf3 Ne4 32. Kf1 Bb4 33. a6 bxa6 34. bxa6 Nc3 35. Ra1 Nb5 36. Ra4 Bc5 37. Nc6 Rxd3 38. Nxd8 Rxd8 39. Ra5 Ra8 40. Rxb5 Be3 41. Ra5 Ra7 42. g3 f6 43. Ke2 Bb6 44. Ra2 Kf7 45. Kd3 Ke7 46. Kc4 Kd6 47. Kb5 Be3 48. Ra3 Bf2 49. Rd3+ Kc7 50.
Nd2 1-0

[Event "Live Chess"]
[Site "Chess.com"]
[Date "2023.05.21"]
[Round "-"]
[White "Hacker_2009"]
[Black "ramses-IIG"]
[Result "1-0"]
[WhiteElo "1949"]
[BlackElo "873"]
[TimeControl "300"]
[EndTime "8:28:27 PDT"]
[Termination "Hacker_2009 won by resignation"]

1. d4 d5 2. Nf3 e6 3. e3 f6 4.
c4 Bb4+ 5. Bd2 Bxd2+ 6. Qxd2 Ne7 7. Nc3 O-O 8. Be2 dxc4 9. Bxc4 c6 10. O-O Nf5 11. Rfd1 b5 12. Bd3 a6 13. Qc2 Qe8 14. Ne2 Qh5 15. Ng3 Nxg3 16. hxg3 f5 17. Ne5 Qe8 18. Rac1 Bd7 19. Nxd7 Qxd7 20. Qc5 Qd5 21. Be2 Qxa2 22. Rc2 Qd5 23. Bf3 Qxc5 24. Rxc5 Rc8 25.
Rdc1 Kf7 26. Bxc6 Nxc6 27. Rxc6 Rxc6 28. Rxc6 Ke7 29. Rc7+ Kf8 30. Kf1 h6 31. Ke2 Kg8 32. Kd3 Kh7 33. Re7 Kg6 34. Rxe6+ Kg5 35. f4+ Kg4 36. Rg6+ Kh5 37. Rxg7 a5 38. Rb7 b4 39.
d5 Kg4 40. Rg7+ Kh5 41. Kc4 b3 42. Kxb3 a4+ 43. Kc4 Ra5 44. d6 a3 45. bxa3 Rxa3 46. d7 Rxe3 47. d8=Q Rxg3 48. Qe8+ Kh4 49. Rxg3 Kxg3 50.
Qg6+ Kf2 51. Qxf5 Kxg2 52. Qh5 1-0

[Event "Live Chess"]
[Site "Chess.com"]
[Date "2023.05.21"]
[Round "-"]
[White "Duke_of_Bebington"]
[Black "hturner40"]
[Result "1-0"]
[WhiteElo "1567"]
[BlackElo "1785"]
[TimeControl "300"]
[EndTime "8:28:30 PDT"]
[Termination "Duke_of_Bebington won on time"]

1. e4 Nc6 2. d4 e5 3. d5 Nce7 4. Be3 Ng6 5. Bd3 Bb4+ 6. Nd2 Nf6 7. Ne2 O-O 8. f4 Ng4 9. Bg1 exf4 10. c3 Ba5 11. h3 Qh4+ 12. Kf1 Ne3+ 13. Bxe3 fxe3 14. Qe1 Qxe1+ 15. Rxe1 exd2 16. Rd1 d6 17. Rxd2 Ne5 18. Bc2 Bb6 19. Ke1 f5 20. exf5 Bxf5 21. Bxf5 Rxf5 22.
Ng3 Rf4 23. Kd1 Raf8 24. Re2 Nd3 25. Kc2 Ne5 26. Ne4 Rf1 27. Rxf1 Rxf1 28. Ng5 Rf2 29. Rxf2 Bxf2 30. Ne6 Bb6 31. a4 a5 32. b4 h6 33. Kd2 Kf7 34. Ke2 c6 35. Nf4 Ng6 36.
Nd3 cxd5 37. g3 Ne5 38. Nf4 d4 39. cxd4 Bxd4 40. Nd5 axb4 41. Nxb4 Bc5 42. Nd5 b6 43. g4 g5 44. Nc3 Nc6 45. Kd3 Ne5+ 46. Ke4 Ke6 47. Nd5 Nc6 48. Nc7+ Kd7 49. Nb5 Nb4 50. Kf5 Bf2 51. Kg6 Kc6 52. Kxh6 Be3 53. Kg6 d5 54. Kf5 d4 55. Ke4 Kc5 56. Na3 Nd5 57. Nb1 1-0

[Event "Live Chess"]
[Site "Chess.com"]
[Date "2023.05.21"]
[Round "-"]
[White "onemoretime1975"]
[Black "djw60"]
[Result "0-1"]
[WhiteElo "1837"]
[BlackElo "2173"]
[TimeControl "300"]
[EndTime "8:28:32 PDT"]
[Termination "djw60 won by checkmate"]

1. e4 e6 2. d4 d5 3. exd5 exd5 4. Nf3 Nf6 5. Bd3 c5 6. dxc5 Bxc5 7. c3 O-O 8. O-O Bg4 9. h3 Bh5 10. Nbd2 Nc6 11. Nb3 Bb6 12. Be2 Ne4 13. Nbd4 a6 14. Be3 Bc7 15. Nxc6 bxc6 16. Nd4 Qd6 17. f4 Bxe2 18.
Qxe2 Rfe8 19. Qf3 Rab8 20. Rab1 c5 21. Nb3 Bb6 22. Rfd1 Rbd8 23. c4 d4 24. Bf2 Bc7 25. g3 f5 26. Nd2 Kh8 27. Kg2 Re7 28. Nf1 Rde8 29. Re1 Ba5 30. Re2 Nxf2 31. Rxf2 Be1 32. Rc2 d3 33. Rcc1 d2 34. Rd1 Re2+ 35. Kh1 Rf2 36. Rxe1 dxe1=Q 37. Rxe1 Rxf1+ 38. Rxf1 h6 39. Rd1 Qf6 40. b3 Qb2 41. Qg2 Re2 42. Qg1 Qc2 43. Rc1 Qe4+ 44. Qg2 Qxg2# 0-1

[Event "Live Chess"]
[Site "Chess.com"]
[Date "2023.05.21"]
[Round "-"]
[White "Mechhead7"]
[Black "FlyingChessKestrel13"]
[Result "0-1"]
[WhiteElo "1775"]
[BlackElo "2063"]
[TimeControl "300"]
[EndTime "8:28:33 PDT"]
[Termination "FlyingChessKestrel13 won by resignation"]

1. e4 c6 2. d4 d5 3. exd5 cxd5 4. c4 Nf6 5. Nc3 Bf5 6. Nf3 Nc6 7. Bg5 e6 8. c5 Bg4 9. Be2 Be7 10. O-O O-O 11.
a3 a5 12. h3 Bxf3 13. Bxf3 b6 14. Qa4 Qc7 15. Nb5 Qb7 16. Rac1 bxc5 17. dxc5 Rfb8 18.
Be2 Ne4 19. Bf4 Nxc5 20. Qc2 e5 21. Bg3 f6 22. Rfd1 d4 23. Bc4+ Kh8 24. a4 Nb4 25. Qf5 Qc8 26. Qh5 Qe8 27. Bf7 Qf8 28. Nc7 Ra7 29.
Bg6 h6 30. Nb5 Rab7 31. Rxc5 Bxc5 32. Be4 Rf7 33. Qg6 f5 34. Bb1 Rf6 35. Qh5 f4 36.
Bh4 d3 37. Bxf6 Qxf6 38. Bxd3 Rd8 39. Qe2 Qh4 40. Nc3 Nxd3 41. g3 Qxg3+ 42. Kf1 Qxh3+ 43. Kg1 Bxf2+ 44. Qxf2 Nxf2 45. Kxf2 Rxd1 0-1

[Event "Live Chess"]
[Site "Chess.com"]
[Date "2023.05.21"]
[Round "-"]
[White "Mugzwang"]
[Black "HoarseyHorsey"]
[Result "1-0"]
[WhiteElo "1448"]
[BlackElo "1455"]
[TimeControl "300"]
[EndTime "8:28:33 PDT"]
[Termination "Mugzwang won by resignation"]

1. Nf3 d5 2. c4 dxc4 3. e3 Nc6 4.
Bxc4 Bg4 5. Qb3 e6 6. Qxb7 Bxf3 7.
gxf3 Nge7 8. Bb5 Rb8 9. Bxc6+ Nxc6 10. Qxc6+ Qd7 11. Qxd7+ Kxd7 12. b3 Bb4 13. Bb2 f6 14. Bc3 Bd6 15. O-O Ke7 16. d4 Rbc8 17. Nd2 c5 18. dxc5 Rxc5 19. Rac1 Rhc8 20. Ne4 R5c6 21. Nxd6 Kxd6 22. Bb4+ Kd7 23. Rfd1+ Ke8 24. Rxc6 Rxc6 25. Kg2 a6 26. Ba3 Rc2 27. Rd6 Rxa2 28. Rxa6 Kf7 29. Ra7+ Kg6 30. Bc5 Rc2 31. b4 h5 32.
Bf8 Rb2 33. Rxg7+ Kf5 34. Rh7 Rxb4 35. Bxb4 1-0

[Event "Live Chess"]
[Site "Chess.com"]
[Date "2023.05.21"]
[Round "-"]
[White "grillage"]
[Black "Shepherds_Pie"]
[Result "1-0"]
[WhiteElo "1785"]
[BlackElo "1926"]
[TimeControl "300"]
[EndTime "8:28:40 PDT"]
[Termination "grillage won by checkmate"]

1. d4 Nf6 2. Nc3 e6 3. Bf4 c5 4.
d5 d6 5. e4 exd5 6. exd5 Be7 7.
Nf3 O-O 8. Be2 Re8 9. O-O h6 10. Nd2 a6 11. a4 Bf8 12. Re1 Nbd7 13. Nc4 Nb6 14. a5 Nxc4 15. Bxc4 Bf5 16. Qd2 Qd7 17. Na4 Rxe1+ 18. Qxe1 Re8 19. Qd1 Qd8 20. Nb6 g5 21. Bg3 Bg7 22. c3 Ne4 23. Qf3 Bg6 24. h4 Nd2 25.
Qg4 f5 26. Qd1 Nxc4 27. Nxc4 f4 28. Bh2 Qf6 29. hxg5 hxg5 30. f3 Bf5 31. Kh1 Kf7 32. Qb3 Qe7 33. Qb6 Be5 34. Re1 Rh8 35. Kg1 Bc8 36. g3 g4 37. gxf4 Rxh2 38. fxe5 Rh1+ 39. Kxh1 Qh4+ 40. Kg2 Qh3+ 41. Kf2 Qxf3+ 42. Kg1 Qg3+ 43. Kf1 Qf3+ 44. Kg1 Qg3+ 45. Kf1 Qd3+ 46. Kg1 Qxc4 47. Qc7+ Kg6 48. Qxc8 dxe5 49. Qe6+ Kg7 50. Qxe5+ Kg6 51. Qe6+ Kg5 52. Re5+ Kh4 53. Qh6+ Kg3 54. Re3# 1-0

[Event "Live Chess"]
[Site "Chess.com"]
[Date "2023.05.21"]
[Round "-"]
[White "ShanthamGrarks"]
[Black "LaupMiths"]
[Result "0-1"]
[WhiteElo "1927"]
[BlackElo "1827"]
[TimeControl "300"]
[EndTime "8:28:45 PDT"]
[Termination "LaupMiths won by checkmate"]

1. d4 d5 2. Nc3 Bf5 3. e4 dxe4 4.
f3 Nf6 5. fxe4 Bxe4 6. Nxe4 Nxe4 7. Be3 e6 8. Qf3 Qd5 9. Bd3 Nf6 10. Qg3 Nc6 11. Nf3 O-O-O 12. O-O-O Qxa2 13. c3 Ba3 14. bxa3 Na5 15. Bc2 Ne4 16. Qe5 Qxa3+ 17. Kb1 Nxc3# 0-1

[Event "Live Chess"]
[Site "Chess.com"]
[Date "2023.05.21"]
[Round "-"]
[White "garyjc"]
[Black "McSlash1"]
[Result "0-1"]
[WhiteElo "1080"]
[BlackElo "1973"]
[TimeControl "300"]
[EndTime "8:28:47 PDT"]
[Termination "McSlash1 won by resignation"]

1. e4 c5 2. Nc3 Nc6 3. f4 g6 4.
Bc4 Bg7 5. Nf3 e6 6. d3 Nge7 7. a4 O-O 8. O-O d5 9. exd5 exd5 10. Ba2 Bg4 11. Qe1 Re8 12. Qf2 Bxf3 13. Qxf3 Nd4 14. Qf2 Nef5 15. Nb5 Nxb5 16. axb5 Bd4 17. Be3 Bxe3 18.
Qxe3 Rxe3 0-1

[Event "Live Chess"]
[Site "Chess.com"]
[Date "2023.05.21"]
[Round "-"]
[White "tpm07"]
[Black "1600x"]
[Result "0-1"]
[WhiteElo "1950"]
[BlackElo "1937"]
[TimeControl "300"]
[EndTime "8:28:54 PDT"]
[Termination "1600x won by resignation"]

1. e4 e5 2. Nf3 Nc6 3. Bb5 Nd4 4. Nxd4 exd4 5. O-O c6 6. Bc4 Qe7 7. d3 h6 8. f4 b5 9. Bb3 Nf6 10. Nd2 d5 11.
exd5 Bg4 12. Qe1 Be2 13. Rf2 Bh5 14. Qxe7+ Bxe7 15. dxc6 Ng4 16. Rf1 Ne3 17. Re1 Rc8 18.
Ne4 Rxc6 19. Bxe3 dxe3 20. Rxe3 O-O 21. Kh1 Bg6 22. Nc3 Bf6 23. Nxb5 Bxb2 24. Rae1 a6 25.
Na7 Rf6 26. g3 Bc3 27. R1e2 Bh5 28. Rg2 Bd4 29. Re4 Bxa7 30. Rd2 Bf3+ 0-1

[Event "Live Chess"]
[Site "Chess.com"]
[Date "2023.05.21"]
[Round "-"]
[White "PiotrD11"]
[Black "Ferrarifan27"]
[Result "0-1"]
[WhiteElo "1376"]
[BlackElo "2053"]
[TimeControl "300"]
[EndTime "8:29:00 PDT"]
[Termination "Ferrarifan27 won by checkmate"]

1. e4 e5 2. Nc3 Nc6 3. Nf3 Bc5 4. Bb5 d6 5. h3 Bd7 6. O-O Nf6 7. Re1 O-O 8. d3 a6 9. Ba4 Qe7 10. Nd5 Nxd5 11. exd5 Nd4 12. Bxd7 Qxd7 13. Nxd4 Bxd4 14. c3 Bb6 15. a4 f5 16. a5 Ba7 17. Be3 Bxe3 18. Rxe3 f4 19. Re4 Qf7 20. Qg4 Qxd5 21. Qf3 Qf7 22. Rae1 c6 23. d4 exd4 24. Re7 Qf6 25.
Rxb7 dxc3 26. bxc3 Rae8 27. Rxe8 Rxe8 28. Qxc6 Re1+ 29.
Kh2 h5 30. Qd5+ Qe6 31. Rb8+ Kf7 32. Qxh5+ Ke7 33. Qe8+ Kf6 34. Qxe6+ Rxe6 35. Rb6 Re2 36. Rxa6 Ke5 37. f3 Rc2 38. Rc6 Kd5 39. Rc8 g5 40. Kg1 Ra2 41. Ra8 Kc4 42. a6 Kxc3 43. a7 Kd2 44. Kf1 d5 45. Rd8 Rxa7 46. Rxd5+ Ke3 47.
Rxg5 Ra1# 0-1

[Event "Live Chess"]
[Site "Chess.com"]
[Date "2023.05.21"]
[Round "-"]
[White "WilliamofOrange16th"]
[Black "siddu198"]
[Result "1-0"]
[WhiteElo "1854"]
[BlackElo "1613"]
[TimeControl "300"]
[EndTime "8:29:10 PDT"]
[Termination "WilliamofOrange16th won by resignation"]

1. e4 e5 2. Nf3 Nc6 3. Bc4 Bc5 4. O-O Nf6 5. d4 exd4 6. Ng5 O-O 7. c3 dxc3 8. Nxc3 Ne5 9. Bb3 h6 10. Nf3 Nxf3+ 11. Qxf3 d6 12. h3 Be6 13. Nd5 Bxd5 14. exd5 Bd4 15. Rb1 Be5 16. Bc2 Qe7 17. Qd3 Rfe8 18.
f4 1-0

[Event "Live Chess"]
[Site "Chess.com"]
[Date "2023.05.21"]
[Round "-"]
[White "GMHarry-youtube"]
[Black "seabuck"]
[Result "0-1"]
[WhiteElo "1994"]
[BlackElo "1909"]
[TimeControl "300"]
[EndTime "8:29:12 PDT"]
[Termination "seabuck won by checkmate"]

1. e4 e6 2. d4 d5 3. e5 c5 4.
c3 Nc6 5. Nf3 Bd7 6. Bd3 Rc8 7.
O-O cxd4 8. Re1 dxc3 9. Nxc3 a6 10. h4 Nb4 11. Bb1 Be7 12. h5 Nh6 13. a3 Nc6 14. Bxh6 gxh6 15. Qd2 Bg5 16. Qc2 Qb6 17.
b4 Nd4 18. Qd3 Nxf3+ 19. Qxf3 Qd4 20. Ba2 Rxc3 21. Qe2 Bb5 22. Qb2 Qd2 23. Qb1 Rc2 24. Kh2 Qxf2 25. Rg1 Qh4# 0-1